 Dungeon Crawl Stone Soup version 0.31-a0-303-gdc8c9485ea (webtiles) character file.

Game seed: 5435580441320631082

387 Gelion the Changeling (level 6, -3/59 HPs)
             Began as a Troll Shapeshifter on July 17, 2023.
             Slain by Edmund
             ... wielding a +3 flail of venom
              (5 damage)
             ... on level 4 of the Dungeon.
             The game lasted 00:04:09 (2126 turns).

Gelion the Changeling (Troll Shapeshifter)          Turns: 2126, Time: 00:04:10

Health: -3/59      AC:  4    Str: 24    XL:     6   Next: 49%
Magic:  5/5        EV: 10    Int:  4    God:
Gold:   147        SH:  0    Dex: 12    Spells: 5/5 levels left

rFire   . .          .
                       - Unarmed
rCold   . . .        (no shield)
rNeg    . . .        a - +0 animal skin
rPois   .            (helmet currently unavailable)
rElec   .            (cloak currently unavailable)
rCorr   .            (gloves unavailable)
SInv    .            (boots unavailable)
Will    .....        (no amulet)
Stlth   +            (no ring)
HPRegen 1.09/turn    (no ring)
MPRegen 0.09/turn

%: no passive effects
@: lethally poisoned (-3 -> -27), beast-form
A: beast (slay +3), large, unfitting armour, claws 3, regeneration 1, shaggy fur
1, tough skin 1
a: Begin Untransformation


You were on level 4 of the Dungeon.
You were a hulking beast.
You visited 1 branch of the dungeon, and saw 4 of its levels.

You collected 147 gold pieces.

Inventory:

Armour
 a - a +0 animal skin (worn)
 e - a scarf of resistance
Talismans
 c - a beast talisman
Wands
 i - a wand of light (13)
Scrolls
 d - 2 scrolls of identify
 g - a scroll of amnesia
Potions
 b - a potion of lignification
 f - a potion of berserk rage
 h - a potion of haste
 j - 2 potions of attraction {unknown}
 k - a potion of resistance {unknown}
 l - a potion of degeneration
 m - a potion of brilliance
 n - 3 potions of curing


   Skills:
 + Level 2.8 Fighting
 - Level 1.5 Dodging
 * Level 4.6 Unarmed Combat
 * Level 4.6 Shapeshifting


You had 5 spell levels left.
You didn't know any spells.
Your spell library contained the following spells:

 Spells                   Type           Power      Damage    Failure   Level
 Wereblood                Tmut           0%         N/A       65%         2
 Ignite Poison            Fire/Tmut/Pois 0%         N/A       86%         3
 Sticky Flame             Conj/Fire      0%         2d3       99%         4
 Irradiate                Conj/Tmut      0%         3d11      100%        5
 Ignition                 Fire           0%         3d3       100%        8


Dungeon Overview and Level Annotations

Branches:
Dungeon (4/15)
 Temple: D:4-7

Altars:
Cheibriados
Elyvilon
Wu Jian
Xom

Annotations:
D:4 Edmund


Innate Abilities, Weirdness & Mutations

You are a hulking beast.
Your limbs bulge with bestial killing power. (Slay +3)
You are too large for most types of armour.
You have claws for hands.
Your natural rate of healing is unusually fast.
You are covered in fur. (AC +1)
You have tough skin. (AC +1)


Message History

You scratch Edmund but do no damage.
Edmund hits you with a +3 flail of venom.
You are poisoned.
You claw Edmund!
Edmund is moderately wounded.
You feel sick.
Edmund hits you with a +3 flail of venom.
You scratch Edmund but do no damage.
Edmund is moderately wounded.
You feel sick.
You scratch Edmund.
Edmund is heavily wounded.
You feel sick.
Edmund hits you with a +3 flail of venom.
You are more poisoned.
You claw Edmund!
Edmund is severely wounded.
You feel sick.
Edmund hits you with a +3 flail of venom.
You are more poisoned.
You scratch Edmund but do no damage.
Edmund is severely wounded.
You feel very sick.
Edmund hits you with a +3 flail of venom!
You are more poisoned.
You are too injured to fight recklessly!
You are too injured to fight recklessly!
You are too injured to fight recklessly!
You claw Edmund!
Edmund is almost dead.
You feel extremely sick.
Edmund hits you with a +3 flail of venom!
* * * LOW HITPOINT WARNING * * *
You are more poisoned.
You scratch Edmund but do no damage.
Edmund is almost dead.
* * * LOW HITPOINT WARNING * * *
You feel extremely sick.
Edmund hits you with a +3 flail of venom.
You die...

#. #######.#.# #.
#.......#.# ###.
#.#####...#
#...###.#.###.#.#
#.#........##.#.##
#.#.#.............
#.#........##.....
#@##.##.#.#####.##
#h##.##..........#
#.##.##########..#
#................#
##.........#####.#
#.....##...# #.#
#...._.##_..#####.#
#...#####.........#
#...#######.#######
##....#####.#


You could see Edmund.

Vanquished Creatures
  Sigmund (D:2)
  Crazy Yiuf (D:2)
  A hound (D:4)
  An orc wizard (D:2)
  Robin (D:2)
  3 adders (D:2)
  2 worms (D:2)
  2 dart slugs
  5 orcs
  9 ball pythons
  6 bats (D:1)
  5 endoplasms
  4 giant cockroaches
  10 goblins (D:2)
  13 hobgoblins
  6 jackals
  3 kobolds
  3 quokkas
  6 frilled lizards
  5 rats
87 creatures vanquished.

Notes
Turn   | Place    | Note
-------+----------+-------------------------------------------
     0 | D:1      | Gelion the Troll Shapeshifter began the quest for the Orb.
     0 | D:1      | Reached XP level 1. HP: 19/19 MP: 0/0
   136 | D:1      | Reached XP level 2. HP: 28/28 MP: 1/1
   347 | D:1      | Reached XP level 3. HP: 35/35 MP: 2/2
   622 | D:2      | Noticed Robin
   640 | D:2      | Killed Robin
   653 | D:2      | Reached XP level 4. HP: 37/42 MP: 3/3
   699 | D:2      | Noticed Sigmund
   713 | D:2      | Killed Sigmund
   714 | D:2      | Reached XP level 5. HP: 50/50 MP: 4/4
   818 | D:2      | Found a faded altar of an unknown god.
   972 | D:2      | Reached XP level 6. HP: 55/59 MP: 5/5
   987 | D:2      | Found a runed translucent door.
   988 | D:2      | Noticed Crazy Yiuf
  1027 | D:2      | Killed Crazy Yiuf
  2053 | D:4      | Found a shimmering altar of Xom.
  2053 | D:4      | Found a white marble altar of Elyvilon.
  2061 | D:4      | Found a snail-covered altar of Cheibriados.
  2064 | D:4      | Found an ornate altar of the Wu Jian Council.
  2116 | D:4      | Noticed Edmund
  2126 | D:4      | HP: 2/59 [poisoned by Edmund]
  2126 | D:4      | Slain by Edmund

Illustrated notes

Levels and vault maps discovered:
D:1:      saegor_arrival_simple_d, layout_loops_ring
D:2:      layout_loops_ring, hellmonk_ecumenical_altar_arch_garden,
          minmay_shallow_snake_nest, uniq_robin, uniq_crazy_yiuf_cottage,
          uniq_sigmund
D:3:      layout_basic
D:4:      layout_loops_ring, nicolae_overflow_macrodata_refinement,
          minmay_starry_boxes, uniq_edmund

Skill      XL: |  1  2  3  4 |
---------------+-------------+-----
Fighting       | 2 |  2.8
Unarmed Combat | 3 4 |  4.6
Shapeshifting  | 4 |  4.6
Dodging        | |  1.5

Action                     |  1- 3 |  4- 6 || total
---------------------------+-------+-------++-------
  Melee: Unarmed           |    79 |   102 ||   181
         Punch             |     2 |     1 ||     3
    Use: Scroll            |       |    11 ||    11
   Stab: Sleeping          |     1 |     2 ||     3
 Armour: Animal skin       |    27 |    20 ||    47
  Dodge: Dodged            |    41 |    52 ||    93

Table legend: (Time is in decaauts)
 A = Elapsed time spent in this place.
 B = Non-inter-level travel time spent in this place.
 C = Inter-level travel time spent in this place.
 D = Time resting spent in this place.
 E = Time spent auto-exploring this place.
 F = Levels seen in this place.
 G = Mean time per level.
                   A        B        C        D        E       F      G
               +--------+--------+--------+--------+--------+-----+--------+
         Total |   2113 |   2039 |     74 |      0 |   1606 |   4 |  528.2 |
       Dungeon |   2113 |   2039 |     74 |      0 |   1606 |   4 |  528.2 |
               +--------+--------+--------+--------+--------+-----+--------+

Top non-repeatable levels by time:
     D:2: 863 daAuts
     D:1: 619 daAuts
     D:3: 529 daAuts
     D:4: 101 daAuts
